 Dungeon Crawl Stone Soup version 0.30-a0-331-g8ab09dc110 (webtiles) character file.

Game seed: 1994941054691863520

1889 gruber the Destroyer (level 9, -1/49 (51) HPs)
             Began as an Octopode Conjurer on Oct 29, 2022.
             Was a Follower of Vehumet.
             Slain by a wight
             ... wielding a +2 hand axe
              (9 damage)
             ... on level 8 of the Dungeon.
             The game lasted 00:05:45 (7210 turns).

gruber the Destroyer (Octopode Conjurer)            Turns: 7210, Time: 00:05:45

HP:   -1/49 (51)    AC:  2    Str:  6    XL:     9   Next: 15%
MP:   1/17          EV: 13    Int: 24    God:    Vehumet [*.....]
Gold: 451           SH:  0    Dex: 11    Spells: 11/18 levels left

rFire   + . .      SeeInvis .    t - +2 short sword (venom)
rCold   . . .      Faith    .    (no shield)
rNeg    . . .      Spirit   .    y - +1 hat
rPois   .          Reflect  .    (no amulet)
rElec   .          Harm     .    x - ring of protection from fire
rCorr   .          Rampage  .    (no ring)
Will    .....                    (no ring)
Stlth   +++.......               (no ring)
HPRegen 0.28/turn                (no ring)
MPRegen 0.15/turn                (no ring)
                                 (no ring)
                                 (no ring)

@: lightly drained
A: almost no armour, amphibious, 8 rings, camouflage 1, gelatinous body 1,
(nimble swimmer 1), tentacles
a: Renounce Religion


You were on level 8 of the Dungeon.
You worshipped Vehumet.
Vehumet was aware of your devotion.
You visited 2 branches of the dungeon, and saw 9 of its levels.

You collected 451 gold pieces.

Inventory:

Hand Weapons
 t - a +2 short sword of venom (weapon)
 A - a +4 trident of freezing
Armour
 y - a +1 hat (worn)
 z - a +0 buckler
Jewellery
 k - a ring of ice
 x - a ring of protection from fire (left tentacle)
Wands
 h - a wand of digging (9)
 r - a wand of flame (5)
Scrolls
 c - 9 scrolls of identify {unknown}
 j - 3 scrolls of teleportation {unknown}
 o - 3 scrolls of amnesia {unknown}
 p - a scroll of brand weapon {unknown}
 q - a scroll of enchant armour {unknown}
 s - 3 scrolls of magic mapping {unknown}
 u - a scroll of poison {unknown}
Potions
 a - 2 potions of magic
 b - 4 potions of curing {unknown}
 d - a potion of cancellation {unknown}
 e - 2 potions of mutation {unknown}
 f - a potion of flight {unknown}
 g - 2 potions of attraction {unknown}
 i - a potion of resistance {unknown}
 l - a potion of ambrosia {unknown}
 m - 4 potions of haste {unknown}
 n - a potion of berserk rage {unknown}
 v - a potion of brilliance {unknown}
 w - 2 potions of heal wounds {unknown}


   Skills:
 - Level 2.0 Dodging
 - Level 2.6 Stealth
 * Level 5.4 Spellcasting
 - Level 11.0 Conjurations


You had 11 spell levels left.
You knew the following spells:

 Your Spells              Type           Power      Damage    Failure   Level
a - Magic Dart            Conj           100%       1d8       1%          1
b - Searing Ray           Conj           100%       2d8       1%          2
c - Iskenderun's Mystic   Conj/Tloc      32%        2d8       9%          4

Your spell library contained the following spells:

 Spells                   Type           Power      Damage    Failure   Level
 Shock                    Conj/Air       100%       1d9       1%          1
 Static Discharge         Conj/Air       64%        2-5/arc   1%          2
 Dazzling Flash           Conj/Hex       64%        N/A       2%          3
 Necrotise                Necr           24%        1d5       9%          1
 Fulminant Prism          Conj/Hex       16%        3d10      9%          4
 Arcjolt                  Conj/Air       16%        1d26      24%         5
 Lightning Bolt           Conj/Air       16%        1d30      24%         5
 Call Canine Familiar     Summ           6%         N/A       26%         3
 Gell's Gravitas          Tloc           6%         N/A       26%         3
 Lesser Beckoning         Tloc           12%        N/A       26%         3
 Portal Projectile        Hex/Tloc       12%        N/A       26%         3
 Summon Guardian Golem    Hex/Summ       6%         N/A       26%         3
 Teleport Other           Tloc           6%         N/A       26%         3
 Vampiric Draining        Necr           6%         2d6       26%         3
 Vhi's Electric Charge    Tloc/Air       12%        N/A       26%         3
 Orb of Destruction       Conj           28%        9d9       61%         7
 Airstrike                Air            3%         2d(1-17)  63%         4
 Leda's Liquefaction      Hex/Erth       3%         N/A       63%         4
 Summon Lightning Spire   Summ/Air       6%         N/A       63%         4
 Agony                    Necr           6%         N/A       93%         5
 Dispersal                Tloc           3%         N/A       100%        6
 Spellforged Servitor     Conj/Summ      16%        N/A       100%        7


Dungeon Overview and Level Annotations

Branches:
Dungeon (8/15)             Temple (1/1) D:4
   Lair: D:8-11

Altars:
Cheibriados
Dithmenos
Elyvilon
Fedhas
Gozag
Hepliaklqana
Makhleb
Okawaru
Qazlal
Ru
Sif Muna
Trog
Uskayaw
Vehumet
Wu Jian
Xom
Yredelemnul
Zin


Innate Abilities, Weirdness & Mutations

You cannot wear most types of armour.
You are amphibious.
You can wear up to eight rings at the same time.
Your skin changes colour to match your surroundings (Stealth+).
Your rubbery body absorbs attacks. (AC +1, EV +1)
((You are camouflaged when in or above water. (Stealth+)))
You have tentacles for arms and can constrict up to eight enemies at once.


Message History

Your Spellcasting skill increases to level 5!
Unknown command.
The searing ray hits the wight.
The wight is lightly damaged.
The searing ray hits the wight.
The wight is moderately damaged.
A wight comes into view. It is wielding a +0 morningstar.
The searing ray hits the wight.
The wight is severely damaged.
You finish channelling your searing ray.
Aiming: Throw Flame
Press: ? - help, Shift-Dir - straight line, f - wight
Aim: a wight, wielding a +2 hand axe and wearing a +2 robe of positive energy (severely damaged, 68% to hit)
The puff of flame hits the wight.
The wight is severely damaged.
The wight hits you with a +2 hand axe.
You feel drained.
Aiming: Throw Flame
Press: ? - help, Shift-Dir - straight line, f/p - wight
Aim: a wight, wielding a +2 hand axe and wearing a +2 robe of positive energy (severely damaged, 68% to hit)
The puff of flame hits the wight.
The wight is almost destroyed.
The wight hits you with a +2 hand axe!
* * * LOW HITPOINT WARNING * * *
You feel drained.
* * * LOW HITPOINT WARNING * * *
Unknown command.
Aiming: Throw Flame
Press: ? - help, Shift-Dir - straight line, f/p - wight
Aim: a wight, wielding a +2 hand axe and wearing a +2 robe of positive energy (almost destroyed, 68% to hit)
The puff of flame misses the wight.
The puff of flame hits the wight.
The wight is lightly damaged.
The wight barely misses you.
Unknown command.
Aiming: Throw Flame
Press: ? - help, Shift-Dir - straight line, f/p - wight
Aim: a wight, wielding a +2 hand axe and wearing a +2 robe of positive energy (almost destroyed, 68% to hit)
The puff of flame hits the wight but does no damage.
The wight is almost destroyed.
The wight hits you with a +2 hand axe!
You die...

.######)# #
#.......# .#..#
#..###########
#.#.#
#............#
# #.#.#
##.#########.#
#. #.#.## #.#
#.#
...#..#....#
#.# #.#
#......#.####.#
#.#
#...#.....zz@.#
#.# .g...
###.#####.# #.#
#!## #.# #.#
#.# # ... #.#
#.# ####. #..
#.# .# ### #.#
# #.# #.# #.#


You could see 2 wights.

Vanquished Creatures
  Grum (D:8)
  An orc warrior (D:7)
  A black bear (D:5)
  4 wolves (D:8)
  A centaur (D:6)
  A kobold brigand (D:7)
  A bullfrog (D:8)
  4 scorpions
  A necrophage (D:5)
  A gnoll sergeant (D:7)
  2 wights (D:8)
  4 hounds
  A jelly (D:6)
  Jessica (D:2)
  3 iguanas (D:5)
  3 orc wizards
  4 adders
  9 gnolls
  A shadow imp (D:7)
  A white imp (D:5)
  3 worms (D:2)
  3 dart slugs
  11 orcs
  7 endoplasms
  A giant cockroach (D:2)
  9 goblins
  6 hobgoblins
  3 jackals (D:3)
  6 quokkas
  6 ball pythons
  4 bats
  A frilled lizard (D:1)
  7 kobolds
  4 rats
116 creatures vanquished.

Vanquished Creatures (others)
  11 plants
11 creatures vanquished.

Grand Total: 127 creatures vanquished

Notes
Turn   | Place    | Note
-------+----------+-------------------------------------------
     0 | D:1      | gruber the Octopode Conjurer began the quest for the Orb.
     0 | D:1      | Reached XP level 1. HP: 11/11 MP: 3/3
   133 | D:1      | Reached XP level 2. HP: 16/17 MP: 3/5
   374 | D:1      | Learned a level 2 spell: Searing Ray
   646 | D:1      | Reached XP level 3. HP: 21/21 MP: 6/6
   673 | D:2      | Reached skill level 5 in Conjurations
   803 | D:2      | Found a burning altar of Makhleb.
   949 | D:2      | Noticed Jessica
   951 | D:2      | Killed Jessica
   952 | D:2      | Reached XP level 4. HP: 27/27 MP: 3/7
  1610 | D:3      | Learned a level 4 spell: Iskenderun's Mystic Blast
  1963 | D:3      | Reached skill level 6 in Conjurations
  2355 | D:3      | Reached XP level 5. HP: 25/31 MP: 8/8
  3306 | D:4      | Found a staircase to the Ecumenical Temple.
  3313 | Temple   | Entered the Ecumenical Temple
  3343 | Temple   | Became a worshipper of Vehumet
  3535 | D:5      | Entered Level 5 of the Dungeon
  3802 | D:5      | Reached skill level 7 in Conjurations
  3803 | D:5      | Reached XP level 6. HP: 36/36 MP: 0/9
  3903 | D:5      | Found a white marble altar of Elyvilon.
  4085 | D:5      | Noticed a +0 short sword
  4092 | D:5      | Found a hide-covered altar of Uskayaw.
  4092 | D:5      | Noticed a +0 spear
  4092 | D:5      | Noticed a +0 falchion
  4092 | D:5      | Noticed a +0 short sword
  4093 | D:5      | Noticed a +0 dagger
  4095 | D:5      | Noticed a +0 falchion
  4095 | D:5      | Noticed a +0 spear
  4095 | D:5      | Noticed a +0 dagger
  4113 | D:5      | Noticed a black bear
  4119 | D:5      | Killed a black bear
  4417 | D:5      | Reached skill level 8 in Conjurations
  4496 | D:5      | Reached XP level 7. HP: 41/41 MP: 5/10
  4598 | D:5      | Found a snail-covered altar of Cheibriados.
  4599 | D:5      | Found an opulent altar of Gozag.
  4828 | D:6      | Found a hazy altar of Hepliaklqana.
  5028 | D:6      | Reached skill level 9 in Conjurations
  5510 | D:6      | Found a shimmering blue altar of Sif Muna.
  5524 | D:6      | Found a shadowy altar of Dithmenos.
  5726 | D:7      | Reached XP level 8. HP: 31/46 MP: 5/11
  5867 | D:7      | Reached skill level 10 in Conjurations
  5867 | D:7      | Reached * piety under Vehumet
  5867 | D:7      | Offered knowledge of Shock by Vehumet.
  6800 | D:8      | Reached skill level 11 in Conjurations
  7106 | D:8      | Noticed Grum
  7203 | D:8      | Reached XP level 9. HP: 23/51 MP: 3/15
  7203 | D:8      | Killed Grum
  7204 | D:8      | Reached skill level 5 in Spellcasting
  7210 | D:8      | Slain by a wight

Illustrated notes

Levels and vault maps discovered:
D:1:      dpeg_arrival_solitude, layout_rooms, minmay_misc_feat_cross,
          serial_bayou_ford_a
D:2:      layout_basic, basic_altar, kennysheep_potato, uniq_jessica
D:3:      layout_basic, serial_glass, glass_columns_a, glass_columns_c
D:4:      layout_basic, minmay_temple_entry_fiery
D:5:      layout_basic, mainiacjoe_overflow_catwalk, nicolae_uskayaw_en_pointe,
          nicolae_overflow_hidden_temple
D:6:      layout_loops_ring, nicolae_hepliaklqana_hazy_memory,
          mainiacjoe_overflow_swirl, small_statue_intersection,
          kennysheep_generic_room_10
D:7:      layout_basic, enter_bailey_1, minivault_23, abandoned_shop
D:8:      layout_loops_ring, uniq_psyche, uniq_grum, uniq_maurice
Temple:   hellmonk_temple_of_storms

Skill      XL: |  1  2  3  4  5  6  7  8  9 |
---------------+----------------------------+-----
Conjurations   | 5 6 7 8 9 11 | 11.0
Spellcasting   | 4 5 |  5.4
Dodging        | |  2.0
Stealth        | |  2.6

Action                   |  1- 3 |  4- 6 |  7- 9 || total
-------------------------+-------+-------+-------++-------
Melee: Unarmed           |    39 |     6 |       ||    45
       Tentacles         |    11 |    15 |     7 ||    33
       Constrict         |    12 |    14 |     4 ||    30
       Punch             |     1 |     1 |     1 ||     3
       Short sword       |       |    23 |    21 ||    44
       Dagger            |       |    23 |       ||    23
       Rapier            |       |    11 |       ||    11
 Cast: Magic Dart        |    21 |    68 |    23 ||   112
       Searing Ray       |     2 |     4 |    21 ||    27
Evoke: Wand              |       |       |     4 ||     4
 Stab: Sleeping          |     4 |     5 |     2 ||    11
Armor: Skin              |     4 |     3 |     5 ||    12
Dodge: Dodged            |    21 |    37 |    39 ||    97

Table legend: (Time is in decaauts)
 A = Elapsed time spent in this place.
 B = Non-inter-level travel time spent in this place.
 C = Inter-level travel time spent in this place.
 D = Time resting spent in this place.
 E = Time spent auto-exploring this place.
 F = Levels seen in this place.
 G = Mean time per level.
                   A        B        C        D        E       F      G
               +--------+--------+--------+--------+--------+-----+--------+
         Total |   7208 |   6982 |    226 |     84 |   6070 |   9 |  800.9 |
       Dungeon |   7166 |   6951 |    215 |     84 |   6053 |   8 |  895.8 |
        Temple |     41 |     30 |     11 |      0 |     17 |   1 |   41.0 |
               +--------+--------+--------+--------+--------+-----+--------+

Top non-repeatable levels by time:
     D:5: 1255 daAuts
     D:7: 1089 daAuts
     D:3: 992 daAuts
     D:2: 937 daAuts
     D:4: 897 daAuts
     D:6: 889 daAuts
     D:1: 666 daAuts
     D:8: 438 daAuts
  Temple: 41 daAuts
